[Event "*** Titled Tuesday Blitz"]
[Site "Chess.com"]
[Date "2018.05.01"]
[Round "8"]
[White "Orest_Vovk"]
[Black "ruvat"]
[Result "0-1"]
[WhiteElo "2463"]
[BlackElo "2252"]
[TimeControl "180+2"]
[EndTime "14:52:04 PDT"]
[Termination "ruvat won by resignation"]

1. g4 d6 2. Bg2 Nc6 3. h3 e5 4. c4 g6 5. d3 Bg7 6. Nc3 Nge7 7. Nf3 O-O 8. Be3 d5 9. cxd5 Nxd5 10. Nxd5 Qxd5 11.
Qd2 Be6 12. O-O Qd7 13. Bh6 Rfd8 14. Bxg7 Kxg7 15. Qc3 Qd6 16. b4 a6 17. a4 Rd7 18.
b5 Nd4 19. Nxd4 exd4 20. Qb2 axb5 21. axb5 Rxa1 22. Rxa1 b6 23. Ra4 f6 24. g5 Bf5 25.
Rc4 Qe5 26. gxf6+ Qxf6 27. Rc6 Qe5 28. e4 Be6 29. Qd2 g5 30. h4 h6 31. hxg5 hxg5 32.
Qe2 g4 33. f4 gxf3 34. Qxf3 Rf7 35. Qe2 Rf6 36. Qc2 Rf7 37. Qc1 Bg4 38. Qh6+ Kg8 39. Rg6+ Rg7 40. Rxg7+ Qxg7 41. Qf4 Bh3 42. Qf3 Be6 43. Kf2 Qd7 44. Qg3+ Kf8 45. Qf4+ Qf7 46. Qxf7+ Kxf7 47. e5 Bd7 48. Bd5+ Ke7 49. Kf3 Bxb5 50. Ke4 c5 51. Bb3 Bd7 52. Bc4 b5 53. Ba2 Be6 54. Bb1 Kd7 55. Bc2 Kc6 56. Kf4 Kd5 57. Bb3+ c4 58.
Ba2 Kc5 59. Ke4 c3 60. Bb1 b4 61. Kf3 b3 62. Ke2 c2 63. Bxc2 bxc2 64. Kd2 Bb3 65.
e6 Kd6 66. e7 Kxe7 67. Kc1 Kd6 68. Kd2 Kc5 69. Kc1 Kb4 70. Kd2 Ba4 71. Kc1 Ka3 72.
Kd2 Kb2 73. Ke2 0-1

[Event "*** Titled Tuesday Blitz"]
[Site "Chess.com"]
[Date "2018.05.01"]
[Round "8"]
[White "SCIM"]
[Black "GulamaliRises"]
[Result "0-1"]
[WhiteElo "2394"]
[BlackElo "2496"]
[TimeControl "180+2"]
[EndTime "14:52:13 PDT"]
[Termination "GulamaliRises won by resignation"]

1. d4 Nf6 2. c4 c6 3. Nf3 d5 4. e3 e6 5. b3 Nbd7 6. Bd3 Bd6 7. Bb2 O-O 8. O-O b6 9. Nbd2 Bb7 10. Ne5 c5 11. cxd5 Bxd5 12. Qe2 cxd4 13. exd4 Rc8 14. Ndc4 Bb8 15. Rac1 b5 16. Ne3 a6 17. Nxd5 Nxd5 18. Ba3 Nxe5 19. Rxc8 Qxc8 20. dxe5 Rd8 21. Rc1 Qd7 22.
Be4 Nf4 23. Qc2 Bxe5 24. Bxh7+ Kh8 25. Be4 f5 26. Bf3 Qd2 27. Be7 Rd7 28. Bg5 Nh3+ 29.
gxh3 Qxg5+ 30. Kf1 Rc7 31. Qxc7 Bxc7 32. Rxc7 Qf4 33.
Rc8+ Kh7 34. Kg2 e5 35. Rc2 e4 36. Be2 Qg5+ 37. Kf1 Qh4 38. Rc3 f4 39. Bg4 Qd8 40. Bf5+ Kh6 41. Rc6+ Kg5 42. Bxe4 f3 43. Bxf3 Kf4 44.
Be2 Qd2 45. Rc5 Qxa2 46. Rh5 Qxb3 47. Rh4+ Kf5 48. Rg4 g6 49. Rg3 Qb1+ 50. Kg2 Qe4+ 51. Bf3 Qe7 52. Bg4+ Kf6 53. Bd1 a5 54. Bc2 Qb7+ 55.
Kg1 g5 56. h4 gxh4 57. Rg6+ Ke5 58. Rg5+ Kf4 59. Rf5+ Kg4 60. Bd3 h3 61. f3+ Kh4 62. Be4 Qg7+ 63. Kf1 Qg2+ 64. Ke1 Qxh2 65. Rxb5 Qg1+ 66.
Ke2 Qg2+ 67. Ke3 h2 68. f4 Qg1+ 69. Kd2 Qd4+ 70. Bd3 Qxf4+ 0-1

[Event "*** Titled Tuesday Blitz"]
[Site "Chess.com"]
[Date "2018.05.01"]
[Round "8"]
[White "XiaoKangZhong"]
[Black "Kawhi_Leonard2"]
[Result "1-0"]
[WhiteElo "2207"]
[BlackElo "2166"]
[TimeControl "180+2"]
[EndTime "14:52:19 PDT"]
[Termination "XiaoKangZhong won on time"]

1. e4 c5 2. Nf3 d6 3. Bb5+ Bd7 4. Bxd7+ Qxd7 5. O-O e6 6. c3 Nf6 7. Qe2 Be7 8. d4 cxd4 9. cxd4 d5 10. e5 Ne4 11.
Rd1 O-O 12. Ne1 h6 13. f3 Ng5 14.
Nc3 Nc6 15. Be3 a6 16. a3 b5 17. Nd3 Rac8 18. Rac1 Na5 19. Bf2 Nb3 20. Rb1 a5 21. Nc1 Nxc1 22. Rbxc1 b4 23. Qb5 Qa7 24. Na4 bxa3 25.
bxa3 Bxa3 26. Rc6 Rxc6 27. Qxc6 Rb8 28. Ra1 Bb4 29. Rb1 Qb7 30. Qxb7 Rxb7 31. Be1 f6 32. exf6 gxf6 33. Nc5 Rb6 34. Nd7 Rc6 35. Nxf6+ Kf7 36.
Ng4 Kg7 37. Bxb4 axb4 38. Rxb4 Nf7 39. Rb7 Rc1+ 40. Kf2 Kg6 41. Re7 Ng5 42. h4 Rc2+ 43. Kg3 h5 44. Ne5+ Kf6 45. Re8 Nh7 46. Nd7+ Kf7 47. Rh8 Kg7 48. Ra8 Rd2 49. Ra6 Rxd4 50. Rxe6 Rd1 51. Re7+ Kg6 52. Ne5+ Kh6 53. Rd7 Nf6 54.
Rd6 Kg7 55. Nd7 Nxd7 56. Rxd7+ Kg6 57. Kf4 Rd2 58. g3 Rd3 59. Rd6+ Kg7 60. g4 hxg4 61. fxg4 Rd1 62. g5 d4 63. h5 d3 64. Ke3 Rg1 65. Rd5 Rh1 66. h6+ Kg6 67. Kxd3 Rd1+ 68. Ke4 Re1+ 69.
Kd4 Rd1+ 70. Kc5 Rc1+ 71. Kd6 Re1 72. Re5 Rd1+ 73. Ke6 Ra1 74. Ke7 Ra7+ 75. Ke6 Ra6+ 76. Ke7 Ra7+ 77. Kf8 Ra8+ 78. Re8 Ra7 79. Kg8 Kxg5 80.
h7 1-0

[Event "*** Titled Tuesday Blitz"]
[Site "Chess.com"]
[Date "2018.05.01"]
[Round "9"]
[White "MatthewG-p4p"]
[Black "savinspm"]
[Result "0-1"]
[WhiteElo "2557"]
[BlackElo "2016"]
[TimeControl "180+2"]
[EndTime "14:55:28 PDT"]
[Termination "savinspm won by resignation"]

1. e4 e5 2. Nf3 Nc6 3. Nc3 Nf6 4. Nxe5 Nxe5 5. d4 Nc6 6. d5 Qe7 7. dxc6 Nxe4 8. Nxe4 Qxe4+ 9. Be2 dxc6 10. O-O Be6 11. Bf3 Qg6 12. Bh5 Qf6 13. c4 Bd6 14. Qc2 Qh4 0-1

[Event "*** Titled Tuesday Blitz"]
[Site "Chess.com"]
[Date "2018.05.01"]
[Round "9"]
[White "Al_Shima"]
[Black "LADIESGET2KNOWME"]
[Result "0-1"]
[WhiteElo "2411"]
[BlackElo "2542"]
[TimeControl "180+2"]
[EndTime "14:55:51 PDT"]
[Termination "LADIESGET2KNOWME won by checkmate"]

1. b3 e5 2. Bb2 Nc6 3. e3 Nf6 4.
Bb5 Bd6 5. Ne2 O-O 6. Ng3 Re8 7. e4 Nd4 8. Bd3 c6 9. c3 Ne6 10. O-O Nf4 11. Bc2 Bc7 12. d4 d5 13. exd5 exd4 14. dxc6 d3 15. cxb7 Bxb7 16. c4 dxc2 17. Qxc2 Bxg2 18.
Rd1 Qe7 19. Nc3 Bf3 20. Rd3 Qe1+ 21. Rxe1 Rxe1+ 22. Nf1 Nh3# 0-1

[Event "*** Titled Tuesday Blitz"]
[Site "Chess.com"]
[Date "2018.05.01"]
[Round "9"]
[White "michaelq2d5"]
[Black "FabianoCaruana"]
[Result "0-1"]
[WhiteElo "2712"]
[BlackElo "2823"]
[TimeControl "180+2"]
[EndTime "14:56:58 PDT"]
[Termination "FabianoCaruana won by resignation"]

1. d4 Nf6 2. c4 e6 3. Nc3 Bb4 4. Qc2 O-O 5. a3 Bxc3+ 6. Qxc3 d6 7. Bg5 h6 8. Bh4 Nbd7 9. e3 b6 10. Ne2 Bb7 11. Rd1 Qe7 12. Qc2 c5 13. Nc3 Rfd8 14. f3 cxd4 15. Rxd4 Ne5 16. Be2 Rac8 17. O-O Ng6 18.
Bxf6 Qxf6 19. Rfd1 e5 20. R4d2 Ne7 21. Bd3 Qg5 22.
Re2 Bxf3 23. Ne4 Bxe4 24. Bxe4 d5 0-1

[Event "*** Titled Tuesday Blitz"]
[Site "Chess.com"]
[Date "2018.05.01"]
[Round "9"]
[White "Caisachess"]
[Black "Albertu"]
[Result "0-1"]
[WhiteElo "2140"]
[BlackElo "2294"]
[TimeControl "180+2"]
[EndTime "14:57:06 PDT"]
[Termination "Albertu won by resignation"]

1. e4 c5 2. c3 e5 3. d4 cxd4 4. cxd4 exd4 5. Nf3 Nc6 6. Bc4 Nf6 7. e5 Nxe5 8. Qe2 Bb4+ 9. Bd2 Bxd2+ 10. Nbxd2 d6 11.
Nxe5 dxe5 12. Qxe5+ Qe7 13. Nf3 Qxe5+ 14. Nxe5 O-O 15. O-O Bf5 16. Rad1 Rad8 17. Bd3 Be6 18. b3 Nd5 19. Bc4 Nc3 20. Rd2 Rfe8 21. Bxe6 Rxe6 22. Nf3 d3 23. Rc1 Ne2+ 0-1

[Event "*** Titled Tuesday Blitz"]
[Site "Chess.com"]
[Date "2018.05.01"]
[Round "9"]
[White "PchelkinVK"]
[Black "EmreDedebas"]
[Result "1/2-1/2"]
[WhiteElo "2405"]
[BlackElo "2365"]
[TimeControl "180+2"]
[EndTime "14:57:07 PDT"]
[Termination "Game drawn by repetition"]

1. d4 Nf6 2. Nc3 d5 3. Bf4 e6 4. a3 a6 5. Nf3 c5 6. e3 Nc6 7. Bd3 Bd6 8. dxc5 Bxc5 9. Qe2 O-O 10. O-O-O Qe7 11. Bg5 h6 12. Bh4 Rd8 13. e4 Bxa3 14. bxa3 Qxa3+ 15. Kd2 dxe4 16. Nxe4 Qb4+ 17. Kc1 Qa3+ 18.
Kd2 Qb4+ 19. Kc1 Qa3+ 20. Kb1 Qb4+ 21. Kc1 Qa3+ 22. Kb1 Qb4+ 23. Kc1 Qa3+ 24. Kb1 Qb4+ 1/2-1/2

[Event "*** Titled Tuesday Blitz"]
[Site "Chess.com"]
[Date "2018.05.01"]
[Round "9"]
[White "Vusatiuk_Vladimir"]
[Black "Bad4life"]
[Result "0-1"]
[WhiteElo "2173"]
[BlackElo "2377"]
[TimeControl "180+2"]
[EndTime "14:57:09 PDT"]
[Termination "Bad4life won by resignation"]

1. e4 d6 2. d4 Nf6 3. Nc3 g6 4. Be3 a6 5. Qd2 b5 6. a3 Bb7 7.
f3 Nbd7 8. Bh6 c5 9. Bxf8 Nxf8 10. dxc5 dxc5 11. O-O-O Qxd2+ 12. Rxd2 e6 13. Nge2 N8d7 14. Nf4 Ne5 15. Be2 g5 16. Nd3 Nc4 17. Rdd1 Ne3 18.
Rd2 Rc8 19. g3 Ke7 20. b3 Rhd8 21. e5 Nfg4 22. Re1 Nxh2 23. f4 c4 24. bxc4 Nxc4 25. Rdd1 Ne3 26. Kb2 Nxd1+ 27. Bxd1 g4 28. Nf2 h5 29.
Nce4 Rc6 30. Nd6 Rcxd6 31. exd6+ Rxd6 32. Ne4 Bxe4 0-1

[Event "*** Titled Tuesday Blitz"]
[Site "Chess.com"]
[Date "2018.05.01"]
[Round "9"]
[White "el-reptiliano"]
[Black "TheCount"]
[Result "0-1"]
[WhiteElo "1714"]
[BlackElo "2538"]
[TimeControl "180+2"]
[EndTime "14:57:25 PDT"]
[Termination "TheCount won by checkmate"]

1. d4 Nf6 2. c4 g6 3. Nc3 d5 4. cxd5 Nxd5 5. Bd2 Bg7 6. Nf3 O-O 7. e4 Nb6 8. Bg5 Bg4 9. e5 Nc6 10. Ne2 f6 11. exf6 exf6 12. Bf4 Re8 13. Qb3+ Be6 14. Qc2 Nb4 15. Qxc7 Qxc7 16. Bxc7 Nc2+ 17. Kd2 Nxa1 18. Nc3 Nd5 19. Nxd5 Bxd5 20. Bd3 Rac8 21. Ba5 Bh6+ 22.
Kd1 Rc1# 0-1

[Event "*** Titled Tuesday Blitz"]
[Site "Chess.com"]
[Date "2018.05.01"]
[Round "9"]
[White "PowerThinking2650"]
[Black "aa175"]
[Result "1-0"]
[WhiteElo "2280"]
[BlackElo "1848"]
[TimeControl "180+2"]
[EndTime "14:57:27 PDT"]
[Termination "PowerThinking2650 won by resignation"]

1. e4 e5 2. Nf3 Nc6 3. d4 exd4 4. Nxd4 Nxd4 5. Qxd4 d6 6. Nc3 Nf6 7. Bg5 Be7 8.
O-O-O h6 9. Bf4 Be6 10. Bb5+ Bd7 11. Bxd7+ Qxd7 12. e5 dxe5 13. Qxe5 Qe6 14. Qb5+ Qc6 15. Rhe1 g5 16. Bxc7 Rc8 17. Qxc6+ bxc6 18. Bd6 Ng8 19. Ne4 Kf8 20. Bxe7+ Nxe7 21. Nd6 Rd8 22. c4 Kg7 23. Rxe7 Kf6 24. Re3 Rhe8 25. Nxe8+ Rxe8 1-0

[Event "*** Titled Tuesday Blitz"]
[Site "Chess.com"]
[Date "2018.05.01"]
[Round "9"]
[White "MasterLeif"]
[Black "ghost_of_pushwood"]
[Result "1-0"]
[WhiteElo "2367"]
[BlackElo "1839"]
[TimeControl "180+2"]
[EndTime "14:57:32 PDT"]
[Termination "MasterLeif won by resignation"]

1. b3 Nf6 2. Bb2 e6 3. Nf3 d5 4. e3 c6 5. d4 Bd6 6. Nbd2 Nbd7 7. Bd3 O-O 8. O-O Re8 9. e4 dxe4 10. Nxe4 Nxe4 11. Bxe4 Qc7 12. Re1 Nf6 13. Bd3 Nd5 14. g3 c5 15. c4 Ne7 16. Bxh7+ Kxh7 17. Ng5+ Kg8 18. Qh5 Nf5 19. d5 e5 20. f4 e4 21.
Qh7+ Kf8 22. Nxe4 1-0

[Event "*** Titled Tuesday Blitz"]
[Site "Chess.com"]
[Date "2018.05.01"]
[Round "9"]
[White "DenksportAcademie"]
[Black "joejan"]
[Result "0-1"]
[WhiteElo "2232"]
[BlackElo "2158"]
[TimeControl "180+2"]
[EndTime "14:57:34 PDT"]
[Termination "joejan won by checkmate"]

1. b3 f5 2. Bb2 Nf6 3. c4 d6 4. Nc3 e5 5. g3 g6 6. Bg2 Bg7 7. Nf3 O-O 8. O-O Nc6 9. d3 h6 10. e4 f4 11. Bc1 g5 12. gxf4 exf4 13. d4 g4 14. Ne1 f3 15. Bh1 Nh5 16. Nc2 Qh4 17.
Nd5 Rf7 18. Re1 Be6 19. Be3 Raf8 20. Qd2 Kh7 21. Rad1 Bxd5 22. cxd5 Ne7 23. Qd3 Kh8 24. Qd2 Ng6 25. Bxh6 Nhf4 26. Bxg7+ Kxg7 27. Ne3 Rh8 28. Nf5+ Rxf5 29. exf5 Qxh2+ 30. Kf1 Qxh1# 0-1

[Event "*** Titled Tuesday Blitz"]
[Site "Chess.com"]
[Date "2018.05.01"]
[Round "9"]
[White "MikaelyanArman"]
[Black "jk13"]
[Result "0-1"]
[WhiteElo "2612"]
[BlackElo "2545"]
[TimeControl "180+2"]
[EndTime "14:57:58 PDT"]
[Termination "jk13 won by resignation"]

1. e4 e5 2. Nf3 Nc6 3. Bc4 Bc5 4. c3 Nf6 5. d4 exd4 6. e5 d5 7. Be2 Ne4 8. cxd4 Bb6 9. Nc3 Nxc3 10. bxc3 O-O 11. O-O f6 12. exf6 Qxf6 13. Bg5 Qf7 14. Bh4 h6 15. Bg3 Bf5 16. Ne5 Nxe5 17. Bxe5 Rae8 18.
Bh5 Bg6 19. Bf3 c6 20. a4 Bc7 21. Bxc7 Qxc7 22. a5 Rf7 23. Bh5 Bxh5 24. Qxh5 Rfe7 25. h3 Qf4 26. a6 b5 27. Qg6 Re6 28. Qd3 Re2 29. g3 Qd2 30. Qf3 Rf8 31. Qg2 Qxc3 32.
Rac1 Rc2 33. Rcd1 b4 34. h4 b3 35. Qh3 b2 36. Qe6+ Kh8 37. Qe7 Qf3 38. Rd3 Qxd3 39. Qxf8+ Kh7 40. Re1 Rc1 0-1

[Event "*** Titled Tuesday Blitz"]
[Site "Chess.com"]
[Date "2018.05.01"]
[Round "9"]
[White "pultineviciuspaulius"]
[Black "Er_is_geen_hoop_meer"]
[Result "0-1"]
[WhiteElo "2525"]
[BlackElo "2376"]
[TimeControl "180+2"]
[EndTime "14:58:03 PDT"]
[Termination "Er_is_geen_hoop_meer won by resignation"]

1. d4 Nf6 2. c4 g6 3. Nc3 Bg7 4. e4 O-O 5. Nf3 d6 6. Be2 e5 7. O-O Nc6 8. d5 Ne7 9. Ne1 Nd7 10. Be3 f5 11. f3 f4 12. Bf2 g5 13. Rc1 Nf6 14.
c5 Ng6 15. Nb5 a6 16. Na3 Rf7 17. Nc4 dxc5 18. Bxc5 b5 19. Na5 Ne8 20. Nc6 Qf6 21.
a4 h5 22. axb5 axb5 23. Bxb5 g4 24. Bc4 Nd6 25. Bxd6 cxd6 26. Ra1 Rxa1 27. Qxa1 g3 28. Qa8 Rf8 29. Ba6 Qh4 30. h3 Bxh3 31. Qa7 Bxg2 0-1

[Event "*** Titled Tuesday Blitz"]
[Site "Chess.com"]
[Date "2018.05.01"]
[Round "9"]
[White "TrimitziosP7"]
[Black "Pudor"]
[Result "1-0"]
[WhiteElo "2495"]
[BlackElo "2216"]
[TimeControl "180+2"]
[EndTime "14:58:21 PDT"]
[Termination "TrimitziosP7 won by resignation"]

1. Nf3 Nf6 2. c4 d6 3. d4 g6 4. b3 Bg7 5. Bb2 O-O 6. e3 b6 7. Be2 Bb7 8. O-O c5 9. Nc3 cxd4 10. Nxd4 Nbd7 11. Bf3 Bxf3 12. Qxf3 Ne5 13. Qe2 Rc8 14. Rfd1 a6 15. Nd5 Nc6 16. Nxc6 Rxc6 17. Bxf6 exf6 18. Rd3 f5 19. Rad1 b5 20. cxb5 axb5 21. Nb4 Rb6 22.
Rd5 Qa8 23. Rxb5 Rxb5 24. Qxb5 Rb8 25. Qd5 Qa3 26. Nc6 Ra8 27. Qxd6 Qxd6 28. Rxd6 Rxa2 29. g3 Rb2 30. Rd3 Bf6 31. Na5 h5 32. Nc4 Rb1+ 33.
Kg2 h4 34. Rd6 Bg5 35. Rb6 Kg7 36. Rb7 hxg3 37. hxg3 Kf6 38. Nd6 Ke6 39. Nxf7 1-0

[Event "*** Titled Tuesday Blitz"]
[Site "Chess.com"]
[Date "2018.05.01"]
[Round "9"]
[White "ChessicallyInclined"]
[Black "akretchetov"]
[Result "0-1"]
[WhiteElo "2209"]
[BlackElo "2354"]
[TimeControl "180+2"]
[EndTime "14:58:23 PDT"]
[Termination "akretchetov won by resignation"]

1. d4 d5 2. c4 c6 3. Nf3 Nf6 4. Nc3 g6 5. c5 Bg7 6. h3 O-O 7. Bf4 b6 8. cxb6 Qxb6 9. Qd2 Ne4 10.
Nxe4 dxe4 11. Ne5 c5 12. dxc5 Qxc5 13. Rc1 Qb6 14. Nc4 Qe6 15. e3 Nc6 16. Be2 Rd8 17. Qc2 Nb4 18. Qb1 Ba6 19. O-O Nd3 20. Bxd3 exd3 21.
Nd2 Rac8 22. Rxc8 Rxc8 23. Rc1 Rxc1+ 24. Qxc1 Qxa2 25. Qc7 Bxb2 26. Bh6 Qa1+ 27. Nf1 Qxf1+ 28. Kxf1 d2+ 29. Kg1 d1=Q+ 30. Kh2 Qd6+ 0-1

[Event "*** Titled Tuesday Blitz"]
[Site "Chess.com"]
[Date "2018.05.01"]
[Round "9"]
[White "JSPrepz"]
[Black "Flawless2018"]
[Result "1-0"]
[WhiteElo "2639"]
[BlackElo "2496"]
[TimeControl "180+2"]
[EndTime "14:58:25 PDT"]
[Termination "JSPrepz won by resignation"]

1. e4 e5 2. Nc3 Nf6 3. f4 d5 4. fxe5 Nxe4 5. Qf3 Nxc3 6. bxc3 c5 7. Bb5+ Nc6 8. Qg3 Bf5 9. Nf3 Qb6 10. a4 a6 11.
Bxc6+ Qxc6 12. O-O h6 13. d3 g5 14. Nxg5 hxg5 15. Rxf5 O-O-O 16. Bxg5 Re8 17. Rxf7 Bh6 18. Raf1 Rhg8 19. R7f6 Re6 20. Qh3 Kd7 21. Rxe6 Qxe6 22. Rf7+ 1-0

[Event "*** Titled Tuesday Blitz"]
[Site "Chess.com"]
[Date "2018.05.01"]
[Round "9"]
[White "2Tilted"]
[Black "Abund"]
[Result "0-1"]
[WhiteElo "2288"]
[BlackElo "2513"]
[TimeControl "180+2"]
[EndTime "14:58:38 PDT"]
[Termination "Abund won by resignation"]

1. d4 Nf6 2. Nf3 e6 3. c4 b6 4. g3 Ba6 5. Qc2 c5 6. d5 exd5 7. cxd5 Bb7 8. Bg2 Nxd5 9. O-O Be7 10. Rd1 O-O 11. e4 Nb4 12. Qb3 Bxe4 13. Na3 N8c6 14.
Be3 d5 15. Rac1 Bf6 16. Nb5 d4 17. a3 Bd5 18. Qa4 dxe3 19. axb4 exf2+ 20. Kxf2 Nxb4 21. Nc3 Qd6 22. Nxd5 Nxd5 23. Qc4 Rad8 24. Nh4 Bd4+ 25. Rxd4 cxd4 26. Nf5 Qf6 27. Bxd5 Qxf5+ 28. Bf3 d3 29. Rd1 d2 0-1

[Event "*** Titled Tuesday Blitz"]
[Site "Chess.com"]
[Date "2018.05.01"]
[Round "9"]
[White "Shtembuliak"]
[Black "vugarrasulov"]
[Result "1-0"]
[WhiteElo "2696"]
[BlackElo "2727"]
[TimeControl "180+2"]
[EndTime "14:58:39 PDT"]
[Termination "Shtembuliak won by resignation"]

1. Nf3 Nf6 2. c4 b6 3. g3 Bb7 4. Bg2 c5 5. O-O e6 6. Nc3 Be7 7. d4 cxd4 8. Qxd4 O-O 9. Rd1 a6 10.
Bf4 d5 11. cxd5 Nxd5 12. Nxd5 Bxd5 13. Ne5 Bxg2 14. Qxd8 Bxd8 15. Kxg2 Bf6 16. h4 Bxe5 17. Bxe5 Nc6 18. Bc7 b5 19. Rac1 Ne7 20. e4 Rfc8 21. h5 f6 22. Rd7 Kf7 23. Bf4 e5 24. Be3 Rxc1 25. Bxc1 Ke6 26. Rb7 Rc8 27. Bd2 g6 28. h6 Rc4 29. Kf3 f5 30. Bg5 fxe4+ 31. Kg2 Nf5 32. Rxh7 Rc2 33. g4 Nd6 34. Re7+ Kd5 35. h7 e3 36. h8=Q 1-0

[Event "*** Titled Tuesday Blitz"]
[Site "Chess.com"]
[Date "2018.05.01"]
[Round "9"]
[White "Jbd735"]
[Black "evgenysharapov"]
[Result "1-0"]
[WhiteElo "2359"]
[BlackElo "2285"]
[TimeControl "180+2"]
[EndTime "14:58:42 PDT"]
[Termination "Jbd735 won by resignation"]

1. e4 c5 2. Nf3 d6 3. d4 cxd4 4. Nxd4 Nf6 5. Nc3 Nc6 6. Bc4 Qb6 7. Nb3 e6 8. O-O Be7 9. Be3 Qc7 10. f4 O-O 11. a3 a6 12. Bd3 b5 13. Qf3 Bb7 14.
Qh3 b4 15. axb4 Nxb4 16. e5 dxe5 17. fxe5 Qxe5 18. Ra5 Qc7 19. Bxh7+ Nxh7 20. Rh5 Bxg2 21. Kxg2 Qb7+ 22. Kg1 Bf6 23. Rxh7 g6 24. Rxf6 Nxc2 25. Bg5 1-0

[Event "*** Titled Tuesday Blitz"]
[Site "Chess.com"]
[Date "2018.05.01"]
[Round "9"]
[White "LastHeroJr"]
[Black "Margency"]
[Result "1-0"]
[WhiteElo "2473"]
[BlackElo "2523"]
[TimeControl "180+2"]
[EndTime "14:58:47 PDT"]
[Termination "LastHeroJr won by resignation"]

1. e4 c5 2. Nf3 d6 3. d4 cxd4 4. Nxd4 Nf6 5. Nc3 a6 6. Bg5 e6 7. f4 Qb6 8. Nb3 Nbd7 9. Qe2 Qc7 10. O-O-O b5 11. a3 Rb8 12. g4 Be7 13. Kb1 b4 14. axb4 Rxb4 15. h4 Nc5 16. e5 dxe5 17. fxe5 Nxg4 18.
Bxe7 Qxe7 19. Nd4 Qb7 20. Qxg4 Qxh1 21. Bg2 Qh2 22. Nc6 O-O 23. Qxb4 Qxg2 24. Qxc5 Bb7 25.
Ne7+ Kh8 26. Ng6+ hxg6 27. Qxf8+ Kh7 28. Qxf7 1-0

[Event "*** Titled Tuesday Blitz"]
[Site "Chess.com"]
[Date "2018.05.01"]
[Round "9"]
[White "Caterpiller35"]
[Black "XiaoKangZhong"]
[Result "1-0"]
[WhiteElo "2236"]
[BlackElo "2199"]
[TimeControl "180+2"]
[EndTime "14:59:06 PDT"]
[Termination "Caterpiller35 won by checkmate"]

1. d4 Nf6 2. Bf4 g6 3. Nc3 d5 4. e3 Bg7 5. h4 h5 6. Nf3 O-O 7. Ne5 Nbd7 8. Be2 Nxe5 9. dxe5 Nd7 10. Qxd5 c6 11. Qe4 Qa5 12. g4 hxg4 13. h5 Nxe5 14. hxg6 f5 15. Qg2 Nxg6 16. O-O-O Nxf4 17. exf4 Bxc3 18.
Bc4+ e6 19. bxc3 Qxc3 20. Bb3 Qa1+ 21. Kd2 Qg7 22. Rh5 Bd7 23. Rg5 Rad8 24. Ke1 Bc8 25. Rxd8 Rxd8 26. Qh2 Qxg5 27. fxg5 Kf7 28. Qc7+ Rd7 29.
Qxc8 Re7 30. Qd8 Re8 31. Qd7+ Re7 32. g6+ Kf6 33. Qd8 e5 34. g7 f4 35. g8=Q g3 36.
Qf7+ Kg5 37. Qdxe7+ Kh6 38. Qef6# 1-0

[Event "*** Titled Tuesday Blitz"]
[Site "Chess.com"]
[Date "2018.05.01"]
[Round "9"]
[White "NormWeinstein"]
[Black "nau64"]
[Result "1-0"]
[WhiteElo "2337"]
[BlackElo "2130"]
[TimeControl "180+2"]
[EndTime "14:59:14 PDT"]
[Termination "NormWeinstein won on time"]

1. e4 c5 2. Nf3 Nc6 3. Nc3 g6 4. d4 cxd4 5. Nxd4 Bg7 6. Be3 Nf6 7. Bc4 O-O 8. Bb3 d6 9. h3 Bd7 10. O-O Rc8 11. Re1 Na5 12. Qd3 a6 13. f4 b5 14.
e5 Ne8 15. e6 fxe6 16. Nxe6 Bxe6 17. Bxe6+ Kh8 18. Bxc8 Qxc8 19. Bd4 Rf7 20. a4 b4 21. Nd5 Qb7 22. c4 Nc6 23. Bxg7+ Nxg7 24. a5 Nf5 25. b3 Kg8 26. Kh2 Qd7 27. Qd2 Qb7 28. Ra4 1-0

[Event "*** Titled Tuesday Blitz"]
[Site "Chess.com"]
[Date "2018.05.01"]
[Round "9"]
[White "dolynachess"]
[Black "VeraNebolsina"]
[Result "1-0"]
[WhiteElo "2392"]
[BlackElo "2384"]
[TimeControl "180+2"]
[EndTime "14:59:26 PDT"]
[Termination "dolynachess won by resignation"]

1. d4 Nf6 2. c4 g6 3. Nc3 Bg7 4. e4 d6 5. Nf3 O-O 6. Be2 e5 7. d5 a5 8. Be3 Ng4 9. Bg5 f6 10. Bh4 Na6 11. a3 Nc5 12. Nd2 Nh6 13. b4 axb4 14. axb4 Rxa1 15. Qxa1 Na6 16. Qa3 g5 17. Bg3 f5 18. f3 g4 19. c5 Qg5 20. c6 Nb8 21. b5 bxc6 22. bxc6 gxf3 23. gxf3 fxe4 24.
Ndxe4 Qe3 25. Bf2 Qf4 26. Qa7 Bh3 27. Qxc7 Qc1+ 28. Nd1 Nf5 29. Rg1 Kh8 30. Nxd6 Bh6 31. Ne4 Nd4 32. Qxe5+ 1-0

[Event "*** Titled Tuesday Blitz"]
[Site "Chess.com"]
[Date "2018.05.01"]
[Round "9"]
[White "pulvettd"]
[Black "Alohamora11"]
[Result "0-1"]
[WhiteElo "2372"]
[BlackElo "2135"]
[TimeControl "180+2"]
[EndTime "14:59:26 PDT"]
[Termination "Alohamora11 won on time"]

1. e4 c5 2. Nf3 g6 3. Bc4 Bg7 4. Nc3 e6 5. d4 cxd4 6. Nxd4 a6 7. O-O Ne7 8. a4 Nbc6 9. Nf3 d6 10. Be3 O-O 11. Qd2 Ne5 12. Be2 Qc7 13. Rfd1 Rd8 14. a5 Nc4 15. Bxc4 Qxc4 16. Bb6 Rd7 17. Bd4 Nc6 18. Bxg7 Kxg7 19. b3 Qc5 20. Ra4 Ne5 21. Nxe5 dxe5 22. Qe1 Rxd1 23. Nxd1 Qc7 24. c4 Bd7 25. Ra2 Bc6 26. Nc3 Rd8 27. h3 Rd3 28. Nd1 Rxb3 0-1

[Event "*** Titled Tuesday Blitz"]
[Site "Chess.com"]
[Date "2018.05.01"]
[Round "9"]
[White "Karina_Oparina"]
[Black "JozefKneht"]
[Result "0-1"]
[WhiteElo "2102"]
[BlackElo "2385"]
[TimeControl "180+2"]
[EndTime "14:59:27 PDT"]
[Termination "JozefKneht won by resignation"]

1. Nf3 d5 2. g3 Nf6 3. Bg2 c5 4. O-O Nc6 5. d4 e6 6. Bg5 Be7 7. c4 cxd4 8. Nxd4 Qb6 9. Nxc6 bxc6 10. cxd5 cxd5 11. b3 Ba6 12. Nc3 Rc8 13. Rc1 O-O 14.
Na4 Qb5 15. e3 Qe2 16. Qxe2 Bxe2 17. Rfe1 Bb5 18. Nc3 Ba3 19. Nxb5 Rxc1 20. Rxc1 Bxc1 21. Bxf6 gxf6 22. e4 dxe4 23. Bxe4 a5 24. Nd4 f5 25. Bf3 Kg7 26. Nc6 Bd2 27. Kf1 Rc8 28. Ke2 Bb4 29.
a3 Bxa3 30. Nxa5 Rc2+ 31. Ke1 Bb4+ 32. Kd1 Rxf2 33. Nc6 Rxf3 34. Nxb4 Rxb3 35. Nc2 Rb1+ 36. Ke2 Rb2 37. Kd3 Rxc2 38. Kxc2 Kf6 39. Kd3 Ke5 40.
Ke3 Kd5 41. Kf4 Kd4 42. h4 f6 43. h5 h6 44. Kf3 e5 45. Kf2 Ke4 46. Ke2 f4 47. g4 f3+ 48. Kf2 Kf4 0-1

[Event "*** Titled Tuesday Blitz"]
[Site "Chess.com"]
[Date "2018.05.01"]
[Round "9"]
[White "Orest_Vovk"]
[Black "juniortay"]
[Result "1-0"]
[WhiteElo "2469"]
[BlackElo "2362"]
[TimeControl "180+2"]
[EndTime "14:59:38 PDT"]
[Termination "Orest_Vovk won by resignation"]

1. g4 d5 2. h3 e5 3. Bg2 Nc6 4. c4 Nge7 5. cxd5 Nxd5 6. Nc3 Nb6 7. d3 Be7 8. Nf3 O-O 9. Bd2 Be6 10. Rc1 f6 11. b3 Qd7 12. Ne4 a5 13. Nc5 Bxc5 14.
Rxc5 a4 15. O-O axb3 16. axb3 Ra2 17. b4 Rd8 18. Qc1 e4 19. dxe4 Rxd2 20. Nxd2 Qxd2 21. Qxd2 Rxd2 22. b5 Nd4 23. Rxc7 Bc4 24. Rxb7 Na4 25. Ra1 Bxb5 26. Rxb5 Nxb5 27. Rxa4 Rxe2 28. Bf1 Rb2 29.
Ra8+ Kf7 30. Rb8 Rb4 31. Rb7+ Kf8 32. Rxb5 Rxe4 33. Kg2 g6 34. Rb7 h6 35. Bd3 1-0

[Event "*** Titled Tuesday Blitz"]
[Site "Chess.com"]
[Date "2018.05.01"]
[Round "9"]
[White "AndrewDGreen"]
[Black "LisikValera"]
[Result "1-0"]
[WhiteElo "2185"]
[BlackElo "2412"]
[TimeControl "180+2"]
[EndTime "14:59:39 PDT"]
[Termination "AndrewDGreen won by resignation"]

1. d4 d5 2. Bf4 Bf5 3. c4 e6 4. Nc3 c6 5. Qb3 Qc8 6. e3 Nf6 7. cxd5 exd5 8. Rc1 Nbd7 9. Nb5 Nh5 10. Nc7+ Kd8 11. Nxa8 Nxf4 12. exf4 Bd6 13. g3 Re8+ 14.
Kd2 Qxa8 15. Bd3 Bxd3 16. Qxd3 g6 17. Nf3 Nf6 18. Ne5 Ne4+ 19. Kc2 Nxf2 20. Nxf7+ Kd7 21. Qf3 Nxh1 22. Qg4+ Kc7 23. Rxh1 Qc8 24. Qxc8+ Rxc8 25. Re1 Rf8 26. Ng5 Rh8 27. Re6 Bf8 28. Re8 Kd7 29. Ra8 Bg7 30. Rxa7 Kc7 31. Ne6+ Kb8 32. Ra3 Bf6 33.
Kd3 Re8 34. Nc5 Re1 35. Nd7+ 1-0